 Dungeon Sprint DCSS version 0.30.1-9-gdf580d7c3d (webtiles) character file.

Game seed: 15452403780720350842

181 Heoruswealwe the Spear-Bearer (level 5, -2/52 HPs)
             Began as a Minotaur Fighter on Oct 23, 2023.
             Slain by a gnoll
             ... wielding a +0 club
              (9 damage)
             ... in the Dungeon (Sprint IX: "|||||||||||||||||||||||||||||").
             The game lasted 00:00:40 (42 turns).

Heoruswealwe the Spear-Bearer (Minotaur Fighter)      Turns: 42, Time: 00:00:40

Health: -2/52      AC: -3    Str: 23    XL:     5   Next: 34%
Magic:  4/4        EV:  9    Int:  5    God:
Gold:   0          SH:  4    Dex:  9    Spells: 4/4 levels left

rFire   . . .        a - +0 trident
rCold   . . .        d - +0 buckler
rNeg    . . .        c - +0 scale mail
rPois   .            (helmet restricted)
rElec   .            (no cloak)
rCorr   .            (no gloves)
SInv    .            (no boots)
Will    .....        (no amulet) Stlth
                     (no ring)
HPRegen 0.28/turn    (no ring)
MPRegen 0.09/turn

%: no teleportation
@: corroded
A: horns 2, retaliatory headbutt
a: no special abilities


You were in the Dungeon.
You visited 1 branch

Inventory:

Hand Weapons
 a - a +0 trident (weapon)
Armour
 c - a +0 scale mail (worn)
 d - a +0 buckler (worn)
Scrolls
 j - a scroll of blinking
Potions
 b - a potion of might
 e - a potion of curing
 g - a potion of haste
 i - a potion of berserk rage


   Skills:
 + Level 7.5 Fighting
 * Level 9.6 Polearms
 + Level 7.5 Armour
 - Level 3.6 Shields


You had 4 spell levels left.
You didn't know any spells.
Your spell library was empty.

Dungeon Overview and Level Annotations

Branches:
Dungeon (1/1)

Altars:


Innate Abilities, Weirdness & Mutations

You have a pair of horns on your head.
You reflexively headbutt those who attack you in melee.


Message History

You headbutt the jelly, but do no damage.
The jelly is severely wounded.
You block the jelly's attack.
You hit the jelly but do no damage.
Your hands burn!
The jelly is severely wounded.
The jelly closely misses you.
You puncture the jelly!
You kill the jelly!
The scorpion stings you.
Your Polearms skill increases to level 8!
You hit the scorpion but do no damage. You headbutt the scorpion.
The scorpion is lightly wounded.
The scorpion closely misses you. You furiously retaliate!
You headbutt the scorpion! You puncture the scorpion!
You kill the scorpion!
Your Fighting skill increases to level 7!
Your Polearms skill increases to level 9!
Your Armour skill increases to level 7!
You have reached level 5!
You barely miss the gnoll. You completely miss the gnoll.
You headbutt the gnoll!
The gnoll is almost dead.
The gnoll hits you with a +0 club!
* * * LOW HITPOINT WARNING * * *
You barely miss the gnoll.
The gnoll is almost dead.
The gnoll hits you with a +0 club.
* * * LOW HITPOINT WARNING * * *
You hit the gnoll but do no damage.
The gnoll is almost dead.
You block the gnoll's attack.
You hit the gnoll but do no damage.
The gnoll is almost dead.
You block the gnoll's attack.
You hit the gnoll but do no damage.
You headbutt the gnoll, but do no damage.
The gnoll is almost dead.
The gnoll hits you with a +0 club!
You die...

▓.▓
▓!▓
▓.▓
▓†▓
▓†▓
▓.▓
▓.▓
▓.▓
▓@▓
▓g▓
▓o▓
▓.▓
▓.▓
▓.▓
▓.▓
▓+▓


You could see a gnoll and an orc.

Vanquished Creatures
  An ice beast (D)
  A scorpion (D)
  A jelly (D)
  3 giant cockroaches (D)
  A jackal (D)
  A rat (D)
8 creatures vanquished.

Notes
Turn   | Place    | Note
-------+----------+-------------------------------------------
     0 | D        | Heoruswealwe the Minotaur Fighter began the quest for the
                  | Orb.
     0 | D        | Reached XP level 1. HP: 19/19 MP: 0/0
     6 | D        | Reached skill level 3 in Polearms
    16 | D        | Noticed an ice beast
    16 | D        | Noticed a jelly
    16 | D        | Noticed a scorpion
    26 | D        | Killed an ice beast
    27 | D        | Reached skill level 7 in Polearms
    27 | D        | Reached XP level 2. HP: 31/31 MP: 1/1
    27 | D        | Reached XP level 3. HP: 38/38 MP: 2/2
    27 | D        | Reached XP level 4. HP: 45/45 MP: 3/3
    35 | D        | Reached skill level 8 in Polearms
    36 | D        | Killed a scorpion
    37 | D        | Reached skill level 9 in Polearms
    37 | D        | Reached XP level 5. HP: 16/52 MP: 4/4
    42 | D        | Slain by a gnoll

Illustrated notes

Levels and vault maps discovered:
D:        linesprint [early_d, line_temple, items_1, d_10, items_2, lair_1,
          lair_end, items_3, orc_1, orc_end, items_4, d_15, swamp_1, shoals_1,
          snake_1, spider_1, d_20, vaults_1, items_5, swamp_end, shoals_end,
          snake_end, spider_end, vaults_end, d_27, items_6, zot_1, zot_end,
          crypt_end, forest_end, elf_end, slime_end, tomb_end, abyss_end,
          pan_hell_end]

Skill      XL: |  1  2  3  4 |
---------------+-------------+-----
Fighting       | 6 7 |  7.5
Polearms       | 7 9 |  9.6
Armour         | 6 7 |  7.5
Shields        | |  3.6

Action                     |  1- 3 |  4- 6 || total
---------------------------+-------+-------++-------
  Melee: Trident           |    15 |    15 ||    30
         Headbutt          |     2 |     6 ||     8
    Use: Potion            |       |     1 ||     1
 Armour: Scale mail        |     3 |     1 ||     4
  Dodge: Dodged            |     7 |     3 ||    10
  Block: Buckler           |     5 |     3 ||     8
